Map: Dusk Towers

Players

MorN - Winner!

  • Race: Zerg Zerg
  • League: Master

Mariuslol

  • Race: Protoss Protoss
  • League: Master

VOD

Have the link to the VOD?

Description

Time

  • Played on: Nov. 24, 2015, 1:54 a.m.
  • Length: 6:13
Show
View Real Time Build Order
Export as new Build Order

MorN Zerg - Winner!

Build Orders: Hatch First 

Get SALT Encoding   

  12  0:00  Drone  
  13  0:12  Drone  
  14  0:17  Overlord  
  14  0:36  Drone x3  
  17  0:56  Hatchery  
  16  1:01  Drone  
  17  1:06  Extractor  
  16  1:15  Spawning Pool  
  16  1:17  Drone  
  16  1:34  Drone x3  
  19  1:50  Drone  
  20  2:02  Zergling x2  
  20  2:08  Queen x2  
  23  2:11  Overlord  
  23  2:13  Zergling x2  
  26  2:15  Metabolic Boost  
  26  2:23  Zergling x2  
  27  2:44  Zergling x2  
  27  2:45  Zergling x8  
  32  3:00  Queen  
  32  3:01  Zergling x2  
  32  3:02  Zergling x2  
  33  3:10  Queen  
  33  3:17  Spine Crawler  
  28  3:21  Zergling x2  
  28  3:22  Zergling x8  
  29  3:41  Zergling x6  
  29  3:42  Zergling x6  
  33  3:58  Zergling x8  
  28  4:09  Drone  
  28  4:10  Drone  
  28  4:11  Drone  
  30  4:21  Drone x2  
  32  4:27  Drone  
  29  4:50  Zergling x2  
  29  4:51  Zergling x10  
  26  5:25  Queen  
  28  5:37  Hatchery  
Show
View Real Time Build Order
Export as new Build Order

Mariuslol Protoss 

Build Orders:  

Get SALT Encoding   

  12  0:01  Probe (Chrono Boost)  
  13  0:15  Probe (Chrono Boost)  
  14  0:25  Probe (Chrono Boost)  
  15  0:50  Pylon  
  15  1:09  Probe (Chrono Boost)  
  15  1:10  Gateway  
  15  1:11  Gateway  
  16  1:12  Gateway  
  16  1:14  Gateway  
  16  1:22  Probe (Chrono Boost)  
  17  1:29  Pylon  
  18  1:32  Probe (Chrono Boost)  
  18  1:48  Pylon  
  18  2:01  Zealot (Chrono Boost)  
  24  2:04  Zealot (Chrono Boost)  
  24  2:05  Zealot (Chrono Boost)  
  24  2:06  Zealot (Chrono Boost)  
  26  2:15  Probe  
  27  2:25  Zealot (Chrono Boost)  
  33  2:32  Zealot x2 (Chrono Boost)  
  33  2:37  Pylon  
  33  2:56  Zealot (Chrono Boost)  
  39  2:59  Zealot x2 (Chrono Boost)  
  39  3:17  Zealot (Chrono Boost)  
  39  3:23  Zealot (Chrono Boost)  
  39  3:32  Pylon, Zealot (Chrono Boost)  
  39  3:49  Forge  
  39  3:51  Zealot x2 (Chrono Boost)  
  39  3:54  Zealot (Chrono Boost)  
  43  4:02  Zealot (Chrono Boost)  
  29  4:14  Zealot (Chrono Boost)  
  33  4:18  Zealot (Chrono Boost)  
  33  4:22  Photon Cannon  
  33  4:24  Probe  
  33  4:25  Photon Cannon  
  36  4:32  Zealot (Chrono Boost)  
  36  4:36  Probe  
Tags
 
Add a new tag
Caveats
  • Supply blocks, unpowered buildings, or Contaminate may cause inaccurate times.
  • Supply counts are checked every 10 seconds.